 Dungeon Crawl Stone Soup version 0.30-a0-567-gf7fd966b4a (webtiles) character file.

Game seed: 1762606547281676302

962 Dirtsage the Changer (level 8, -6/44 (48) HPs)
             Began as an Octopode Transmuter on Dec 28, 2022.
             Was a Follower of Elyvilon.
             Mangled by Edmund
             ... wielding a +6 dire flail of draining
              (14 damage)
             ... on level 5 of the Dungeon.
             The game lasted 00:17:29 (4726 turns).

Dirtsage the Changer (Octopode Transmuter)          Turns: 4726, Time: 00:17:29

HP:   -6/44 (48)    AC:  2    Str:  9    XL:     8   Next: 15%
MP:   10/11         EV: 30    Int: 18    God:    Elyvilon [*.....]
Gold: 262           SH:  0    Dex: 23    Spells: 1/11 levels left

rFire   . . .      SeeInvis .      - Unarmed
rCold   . . .      Faith    .    (shield currently unavailable)
rNeg    . . .      Spirit   .    (helmet currently unavailable)
rPois   x          Reflect  .    (no amulet)
rElec   .          Harm     .    k - +6 ring of dexterity
rCorr   .          Rampage  .    o - +5 ring of evasion
Will    .....                    a - +5 ring of evasion
Stlth   ++                       (no ring)
HPRegen 0.27/turn                (no ring)
MPRegen 0.12/turn                (no ring)
                                 (no ring)
                                 (no ring)

@: spider-form (expiring), weak-willed, drained, invisible (expiring)
A: venomous fangs, almost no armour, (amphibious), 8 rings, tiny, (camouflage
1), (gelatinous body 1), (nimble swimmer 1), (tentacles)
a: End Transformation, Renounce Religion, Purification


You were on level 5 of the Dungeon.
You worshipped Elyvilon.
Elyvilon was aware of your devotion.
You were a venomous arachnid creature.
You visited 1 branch of the dungeon, and saw 5 of its levels.
You also visited: Sewer.

You collected 262 gold pieces.

Inventory:

Missiles
 y - a curare-tipped dart
Jewellery
 a - a +5 ring of evasion (on tentacle)
 k - a +6 ring of dexterity (left front leg)
 o - a +5 ring of evasion (right front leg)
Scrolls
 b - a scroll of vulnerability
 c - 2 scrolls of magic mapping {unknown}
 d - 3 scrolls of fog {unknown}
 e - a scroll of amnesia {unknown}
 m - a scroll of noise {unknown}
 p - a scroll of fear {unknown}
 r - 2 scrolls of teleportation {unknown}
 s - 2 scrolls of poison {unknown}
 u - 2 scrolls of butterflies {unknown}
 B - a scroll of blinking
Potions
 g - 2 potions of attraction {unknown}
 h - a potion of flight {unknown}
 j - 3 potions of cancellation
 l - 6 potions of heal wounds
 n - 2 potions of resistance
 q - 2 potions of curing
 t - a potion of magic {unknown}
 w - 2 potions of berserk rage
 x - a potion of lignification


   Skills:
 - Level 1.0 Fighting
 - Level 2.0 Dodging
 - Level 3.0 Unarmed Combat
 - Level 2.0 Spellcasting
 * Level 5.8 Transmutations
 * Level 4.9 Ice Magic
 + Level 3.3 Air Magic
 - Level 4.0 Poison Magic


You had one spell level left.
You knew the following spells:

 Your Spells              Type           Power      Damage    Failure   Level
a - Beastly Appendage     Tmut           44%        N/A       7%          1
b - Wereblood             Tmut           22%        N/A       10%         2
c - Spider Form           Tmut/Pois      19%        N/A       19%         3
d - Ice Form              Ice/Tmut       21%        N/A       41%         4

Your spell library contained the following spells:

 Spells                   Type           Power      Damage    Failure   Level
 Poisonous Vapours        Pois/Air       30%        N/A       17%         2
 Cigotuvi's Dreadful Rot  Necr/Pois/Air  20%        N/A       24%         2
 Mephitic Cloud           Conj/Pois/Air  10%        N/A       41%         3
 Summon Guardian Golem    Hex/Summ       1%         N/A       69%         3
 Petrify                  Tmut/Erth      12%        N/A       69%         4
 Metabolic Englaciation   Hex/Ice        5%         N/A       96%         5
 Statue Form              Tmut/Erth      8%         N/A       100%        6
 Orb of Destruction       Conj           0%         9d5       100%        7
 Spellforged Servitor     Conj/Summ      0%         N/A       100%        7


Dungeon Overview and Level Annotations

Branches:
Dungeon (5/15)              Sewer (visited)
 Temple: D:4-7

Altars:
Dithmenos
Elyvilon
Kikubaaqudgha
Makhleb
Okawaru
Sif Muna
Trog
Uskayaw

Shops:
D:5 [

Annotations:
D:5 Edmund


Innate Abilities, Weirdness & Mutations

You are a venomous arachnid creature.
You have poisonous fangs.
You are tiny and dextrous.
Your spellcasting is less reliable in this form.
Your armour is entirely melded.
You are incapable of wielding weapons or throwing items.
You cannot wear most types of armour.
((You are amphibious.))
You can wear up to eight rings at the same time.
((Your skin changes colour to match your surroundings (Stealth+).))
((Your rubbery body absorbs attacks. (AC +1, EV +1)))
((You are camouflaged when in or above water. (Stealth+)))
((You have tentacles for arms and can constrict up to eight enemies at once.))


Message History

You turn into a venomous arachnid creature.
You now have 8/11 mp.
You fade into invisibility!
The hound barks!
The helpless Edmund fails to defend himself.
You hit Edmund.
Edmund is poisoned.
Edmund is lightly wounded.
Your transformation is almost over.
Edmund hits you with a +6 dire flail of draining!
You feel drained.
You take 15 damage, and have 33/46 hp.
MASSIVE DAMAGE!!
You catch the helpless Edmund completely off-guard!
You hit Edmund.
Edmund is lightly wounded.
The hound completely misses you.
Edmund drinks a potion.
Edmund is healed!
Edmund looks more healthy.
The hound closely misses you.
You hit Edmund.
Edmund is poisoned.
Edmund is lightly wounded.
The hound misses you. Edmund closely misses you.
You strike the helpless Edmund from behind!
You hit Edmund.
Edmund looks as sick as possible!
Edmund is lightly wounded.
You flicker for a moment.
The hound misses you. Edmund completely misses you. The hound bites you.
You take 5 damage, and have 29/46 hp.
You hit Edmund but do no damage.
Edmund is moderately wounded.
Edmund hits you with a +6 dire flail of draining!
You feel drained.
* * * LOW HITPOINT WARNING * * *
The hound closely misses you.
You take 21 damage, and have 8/44 hp.
MASSIVE DAMAGE!!
As you read the scroll labelled HOSTES WIMI, it crumbles to dust.
Magic quickly surges around you.
It was a scroll of vulnerability.
The hound misses you. Edmund completely misses you. The hound bites you.
* * * LOW HITPOINT WARNING * * *
You hit the hound.
The hound is poisoned.
The hound is lightly wounded.
Edmund hits you with a +6 dire flail of draining!
You die...

# ###.>...#
#####.....##.........#
....)......#.........
...........##.......#
...######### .......
### ...'...... .....
#... ...#......
#...##.... ...#######
#@........ ####
#s....... ...#
#h...##+# ...+ #....#
...# #....+
##'#############....#
....................#
....................#
....................#
....................#


You could see Edmund (unable to see you, extremely poisoned, weak-willed) and a
hound (very poisoned, weak-willed).

Vanquished Creatures
  Sigmund (D:5)
  An ogre (D:4)
  3 kobold brigands (Sewer)
  2 orc priests (D:2)
  3 hounds
  3 iguanas
  An orc wizard (D:4)
  7 gnolls
  10 adders
  2 river rats (D:4)
  A worm (D:2)
  A dart slug (D:4)
  7 orcs
  7 bats
  13 endoplasms
  2 giant cockroaches (D:4)
  3 goblins
  3 hobgoblins
  10 kobolds
  5 quokkas
  13 ball pythons
  4 frilled lizards
  10 rats
112 creatures vanquished.

Notes
Turn   | Place    | Note
-------+----------+-------------------------------------------
     0 | D:1      | Dirtsage the Octopode Transmuter began the quest for the
                  | Orb.
     0 | D:1      | Reached XP level 1. HP: 13/13 MP: 3/3
   249 | D:1      | Reached skill level 1 in Poison Magic
   321 | D:1      | Reached XP level 2. HP: 17/18 MP: 3/5
   327 | D:1      | Learned a level 2 spell: Wereblood
  1084 | D:2      | Reached XP level 3. HP: 21/23 MP: 3/6
  1088 | D:2      | Learned a level 3 spell: Spider Form
  1471 | D:2      | Reached skill level 3 in Transmutations
  1527 | D:2      | Identified the +0 mace "Osajoutu" {venom, +Blink Fly Will+}
  1663 | D:2      | Reached skill level 1 in Ice Magic
  1663 | D:2      | Reached XP level 4. HP: 28/28 MP: 1/7
  1748 | D:2      | Reached XP level 5. HP: 26/33 MP: 4/8
  1819 | D:2      | Reached skill level 1 in Air Magic
  2909 | D:3      | Found a white marble altar of Elyvilon.
  3036 | D:3      | Became a worshipper of Elyvilon the Healer
  3066 | D:4      | Reached XP level 6. HP: 36/38 MP: 6/9
  3072 | D:3      | HP: 2/57 [poisoned by a gnoll]
  3076 | D:3      | Reached skill level 4 in Transmutations
  3376 | D:4      | Found a hide-covered altar of Uskayaw.
  3384 | D:4      | Found a shimmering blue altar of Sif Muna.
  3384 | D:4      | Found a bloodstained altar of Trog.
  3419 | D:4      | Found an iron altar of Okawaru.
  3424 | D:4      | Found an ancient bone altar of Kikubaaqudgha.
  3425 | D:4      | Found a shadowy altar of Dithmenos.
  3610 | D:4      | Found a glowing drain.
  3618 | D:4      | Reached XP level 7. HP: 30/43 MP: 4/10
  3633 | Sewer    | Entered a sewer
  3640 | Sewer    | Learned a level 4 spell: Ice Form
  3813 | Sewer    | Reached * piety under Elyvilon
  3905 | Sewer    | Reached skill level 5 in Transmutations
  4297 | D:5      | Entered Level 5 of the Dungeon
  4380 | D:5      | Found Binioth's Armour Emporium.
  4490 | D:5      | Found a burning altar of Makhleb.
  4581 | D:5      | Noticed Sigmund
  4593 | D:5      | Killed Sigmund
  4594 | D:5      | Reached XP level 8. HP: 48/48 MP: 8/11
  4705 | D:5      | Noticed Edmund
  4726 | D:5      | Mangled by Edmund

Illustrated notes

Levels and vault maps discovered:
D:1:      sevenhm_arrival_forest_fort_small_3, layout_loops_ring,
          nicolae_eternal_life, st_stairs_12
D:2:      cheibrodos_pilgrimage, layout_loops_corners
D:3:      layout_basic, nicolae_elyvilon_peaceful_grove, serial_rivers,
          chequers_serial_rivers_small_b, chequers_serial_rivers_small_a,
          chequers_serial_rivers_marsh, chequers_serial_rivers_micro_c,
          chequers_serial_rivers_micro_d, chequers_serial_rivers_micro_b,
          hangedman_abyss_or_decor_stabs, nicolae_kite_square_tiling_tiny,
          minmay_misc_feat_cross
D:4:      layout_rooms, grunt_temple_overflow_open, portal_sewer_entry_e,
          dreamdust_princess_bridge
D:5:      kennysheep_spiral_hall, layout_gridville, lemuel_round_altar,
          makhleb_blood_cavern_becter, minmay_temple_entry_antechambers,
          serial_shops, shop, uniq_sigmund, uniq_menkaure, uniq_edmund

Skill      XL: |  1  2  3  4  5  6  7 |
---------------+----------------------+-----
Poison Magic   | 1 2 3 4 |  4.0
Transmutations | 3 4 5 |  5.8
Ice Magic      | 1 2 3 4 |  4.9
Air Magic      | 1 2 3 |  3.3
Fighting       | |  1.0
Dodging        | |  2.0
Unarmed Combat | |  3.0
Spellcasting   | |  2.0

Action                   |  1- 3 |  4- 6 |  7- 9 || total
-------------------------+-------+-------+-------++-------
Melee: Unarmed           |    79 |   153 |    88 ||   320
       Constrict         |    21 |    12 |    14 ||    47
       Tentacles         |    12 |     9 |    14 ||    35
       Kick              |    16 |    19 |    17 ||    52
       Punch             |       |     2 |       ||     2
 Cast: Beastly Appendage |    18 |    13 |    11 ||    42
       Spider Form       |     2 |    12 |     7 ||    21
       Wereblood         |     1 |       |     1 ||     2
  Use: Potion            |       |     4 |     2 ||     6
       Scroll            |       |       |     8 ||     8
 Stab: Sleeping          |     2 |     5 |     4 ||    11
       Invisible         |       |       |     3 ||     3
Armor: Skin              |     3 |     8 |       ||    11
Dodge: Dodged            |    36 |   142 |    72 ||   250

Table legend: (Time is in decaauts)
 A = Elapsed time spent in this place.
 B = Non-inter-level travel time spent in this place.
 C = Inter-level travel time spent in this place.
 D = Time resting spent in this place.
 E = Time spent auto-exploring this place.
 F = Levels seen in this place.
 G = Mean time per level.
                   A        B        C        D        E       F      G
               +--------+--------+--------+--------+--------+-----+--------+
         Total |   4708 |   4524 |    184 |    284 |   3005 |   6 |  784.7 |
       Dungeon |   4285 |   4101 |    184 |    258 |   2819 |   5 |  857.0 |
         Sewer |    422 |    422 |      0 |     26 |    186 |   1 |  422.0 |
               +--------+--------+--------+--------+--------+-----+--------+

Top non-repeatable levels by time:
     D:3: 1246 daAuts
     D:2: 1114 daAuts
     D:1: 899 daAuts
     D:4: 597 daAuts
     D:5: 427 daAuts
   Sewer: 422 daAuts
